 Dungeon Crawl Stone Soup version 0.32-a0-558-g233958a4c4 (webtiles) character file.

Game seed: 4588773654482934993

437 retardedninja the Trooper (level 6, -10/56 HPs)
             Began as a Mountain Dwarf Fighter on Feb 28, 2024.
             Mangled by Edmund
             ... wielding a +0 dire flail of distortion
              (13 damage)
             ... on level 3 of the Dungeon on Feb 29, 2024.
             The game lasted 00:07:41 (3582 turns).

retardedninja the Trooper (Mountain Dwarf Fighter)  Turns: 3582, Time: 00:07:42

Health: -10/56     AC:  7    Str: 17 (19) XL:     6   Next: 69%
Magic:  6/6        EV:  9    Int: 12 (13) God:
Gold:   185        SH:  4    Dex:  4 (6)  Spells: 5/5 levels left

rFire   . . .        a - +0 war axe
rCold   . . .        c - +0 buckler
rNeg    . . .        b - +0 scale mail
rPois   .            (no helmet)
rElec   .            (no cloak)
rCorr   .            (no gloves)
SInv    .            (no boots)
Will    ++...        (no amulet) Stlth
                     (no ring)
HPRegen 0.29/turn    (no ring)
MPRegen 0.10/turn

%: no passive effects
@: enlightened, flying
A: runic magic, artefact enchanting, clever 1, clumsy 1, strong-willed 1
a: no special abilities


You were on level 3 of the Dungeon.
You visited 1 branch of the dungeon, and saw 4 of its levels.

You collected 185 gold pieces.

Inventory:

Hand Weapons
 a - a +0 war axe (weapon)
Armour
 b - a +0 scale mail (worn)
 c - a +0 buckler (worn)
 m - a +0 cloak
 p - a +1 chain mail
Jewellery
 s - a +4 ring of slaying
Scrolls
 d - a scroll of blinking {unknown}
 i - 2 scrolls of enchant weapon
 j - a scroll of noise
 l - a scroll of fog
 r - a scroll of identify
Potions
 q - a potion of degeneration


   Skills:
 * Level 5.5 Fighting
 * Level 5.4 Axes
 + Level 4.5 Armour
 + Level 4.4 Shields


You had 5 spell levels left.
You didn't know any spells.
Your spell library contained the following spells:

 Spells                   Type           Power      Damage    Failure   Level
 Freeze                   Ice            0%         1d3       50%         1
 Sandblast                Erth           0%         2d4       50%         1
 Summon Small Mammal      Summ           0%         N/A       50%         1
 Call Canine Familiar     Summ           0%         N/A       86%         3
 Frozen Ramparts          Ice            0%         1d1       86%         3
 Hailstorm                Conj/Ice       0%         3d5       86%         3
 Passwall                 Erth           0%         N/A       86%         3
 Stone Arrow              Conj/Erth      0%         3d7       86%         3
 Anguish                  Hex/Necr       0%         N/A       99%         4
 Brom's Barrelling Bould  Conj/Erth      0%         2d3       99%         4
 Cause Fear               Hex            0%         N/A       99%         4
 Summon Blazeheart Golem  Fire/Summ      0%         N/A       99%         4
 Summon Forest            Summ/Tloc      0%         N/A       100%        5
 Summon Mana Viper        Hex/Summ       0%         N/A       100%        5
 Summon Cactus Giant      Summ           0%         N/A       100%        6
 Enfeeble                 Hex            0%         N/A       100%        7


Dungeon Overview and Level Annotations

Branches:
Dungeon (4/15)
 Temple: D:4-7

Altars:
Uskayaw

Annotations:
D:3 Edmund


Innate Abilities, Weirdness & Mutations

Your spellcasting is much less encumbered by armour.
You can use scrolls of enchantment on lesser artefacts.
Your mind is acute. (Int +4, Str/Dex -1)
You are clumsy. (Dex -2)
You are strong-willed. (Will+)


Message History

You blink.
Edmund says, "A flail is better than a scythe, any day of the week!"
There is a stone staircase leading up here.
Edmund hits you but does no damage. Space warps around you.
You climb upwards.
There is a stone staircase leading down here.
You hit Edmund.
Edmund is lightly wounded.
Edmund hits you with a +0 dire flail of distortion.
You blink.
Edmund barely misses you.
You hit Edmund but do no damage.
Edmund is lightly wounded.
Edmund hits you with a +0 dire flail of distortion.
Space warps horribly around you!
You closely miss Edmund.
Edmund is lightly wounded.
Edmund hits you with a +0 dire flail of distortion!
Edmund hits you with a +0 dire flail of distortion.
* * * LOW HITPOINT WARNING * * *
Space warps around you.
* * * LOW HITPOINT WARNING * * *
You closely miss Edmund.
Edmund is lightly wounded.
Edmund hits you with a +0 dire flail of distortion!
* * * LOW HITPOINT WARNING * * *
You blink.
Unknown command.
Okay, then.
As you read the scroll labelled ILUPETT SUYSIN, it crumbles to dust.
It is a scroll of enchant armour.
Your +0 chain mail glows green for a moment.
Unknown command.
It was a potion of enlightenment.
You feel very buoyant.
You fly up into the air.
Edmund barely misses you.
Edmund hits you with a +0 dire flail of distortion!
You die...
Edmund says, "I'd like to see a scythe do that!"

###########
#.........####################
##..#####.....................
##..# ######################
##.# ######### #######
#.###.......# #.....#
#..##.......# #.....#
##.##....@@.# #.....#
#..#.......# #.....# ###
##.....>...###.....###.##
###........##.....#....#
###.#.##..#.....#....##
#.............#.....#
###.##.#...#..#...#..
#.##....###.#..##..
#.###.....#..#....#


You could see Edmund.

Vanquished Creatures
  Eustachio (D:4)
  2 bombardier beetles
  A hound (D:4)
  A jelly (D:3)
  Natasha (thrice) (D:2)
  3 gnolls (D:4)
  2 adders
  2 dart slugs
  A ribbon worm (D:2)
  4 bats
  4 endoplasms
  2 giant cockroaches (D:1)
  5 goblins
  4 hobgoblins
  2 jackals (D:2)
  4 quokkas
  5 ball pythons
  A frilled lizard (D:1)
  6 kobolds
  4 rats
57 creatures vanquished.

Notes
Turn   | Place    | Note
-------+----------+-------------------------------------------
     0 | D:1      | retardedninja the Mountain Dwarf Fighter began the quest
                  | for the Orb.
     0 | D:1      | Reached XP level 1. HP: 19/19 MP: 1/1
    18 | D:1      | Upgraded the game from 0.32-a0-540-g866d13106e to
                  | 0.32-a0-558-g233958a4c4
   167 | D:1      | Reached XP level 2. HP: 26/26 MP: 2/2
  1117 | D:2      | Noticed Natasha
  1123 | D:2      | Killed Natasha
  1124 | D:2      | Reached XP level 3. HP: 25/33 MP: 3/3
  1181 | D:2      | Noticed Natasha
  1197 | D:2      | Killed Natasha
  1198 | D:2      | Reached XP level 4. HP: 13/40 MP: 4/4
  1561 | D:2      | Noticed Natasha
  1576 | D:2      | Killed Natasha
  1801 | D:3      | Found a hide-covered altar of Uskayaw.
  1811 | D:3      | Reached XP level 5. HP: 42/47 MP: 5/5
  2264 | D:4      | Noticed Eustachio
  2283 | D:4      | Killed Eustachio
  2284 | D:4      | Reached skill level 5 in Fighting
  2284 | D:4      | Reached skill level 5 in Axes
  2284 | D:4      | Reached XP level 6. HP: 18/56 MP: 6/6
  2642 | D:4      | Gained mutation: You are clumsy. (Dex -2) [potion of
                  | mutation]
  2642 | D:4      | Gained mutation: You are strong-willed. (Will+) [potion of
                  | mutation]
  2642 | D:4      | Gained mutation: Your mind is acute. (Int +4, Str/Dex -1)
                  | [potion of mutation]
  2858 | D:4      | Noticed Edmund
  3578 | D:3      | HP: 2/56 [Edmund/+0 dire flail of distortion (8)]
  3582 | D:3      | Mangled by Edmund

Illustrated notes

Levels and vault maps discovered:
D:1:      lightli_arrival_statue_moat, layout_basic, moated_statue,
          minmay_misc_feat_square, kennysheep_nondescript, minivault_27,
          grunt_decor_cap, chequers_serial_rivers_micro_c, minmay_cupped
D:2:      layout_loops_ring, uniq_natasha
D:3:      layout_rooms, overflow_temple_1_default
D:4:      layout_rooms, marbit_many_paths, gup_sewer_entry_pipe,
          minmay_misc_feat_pillars, uniq_eustachio, uniq_edmund, uniq_pikel

Skill      XL: |  1  2  3  4  5 |
---------------+----------------+-----
Axes           | 3 4 5 |  5.4
Fighting       | 4 5 |  5.5
Armour         | 4 |  4.5
Shields        | 4 |  4.4

Action                     |  1- 3 |  4- 6 || total
---------------------------+-------+-------++-------
  Melee: War axe           |    66 |   133 ||   199
    Use: Potion            |       |    12 ||    12
         Scroll            |       |     5 ||     5
 Armour: Scale mail        |    71 |   152 ||   223
  Dodge: Dodged            |    46 |    82 ||   128
  Block: Buckler           |    13 |    43 ||    56

Table legend: (Time is in decaauts)
 A = Elapsed time spent in this place.
 B = Non-inter-level travel time spent in this place.
 C = Inter-level travel time spent in this place.
 D = Time resting spent in this place.
 E = Time spent auto-exploring this place.
 F = Levels seen in this place.
 G = Mean time per level.
                   A        B        C        D        E       F      G
               +--------+--------+--------+--------+--------+-----+--------+
         Total |   3629 |   3590 |     39 |    809 |   2169 |   4 |  907.2 |
       Dungeon |   3629 |   3590 |     39 |    809 |   2169 |   4 |  907.2 |
               +--------+--------+--------+--------+--------+-----+--------+

Top non-repeatable levels by time:
     D:3: 1294 daAuts
     D:1: 960 daAuts
     D:2: 868 daAuts
     D:4: 506 daAuts
